 Dungeon Crawl Stone Soup version 0.31-a0-229-g1fc7ce93e2 (webtiles) character file.

Game seed: 975229120296632036

28 qw the Shooter (level 3, -1/21 HPs)
             Began as a Gargoyle Hexslinger on July 6, 2023.
             Slain by an iguana (6 damage)
             ... on level 2 of the Dungeon.
             The game lasted 00:00:23 (1043 turns).

qw the Shooter (Gargoyle Hexslinger)                Turns: 1043, Time: 00:00:24

Health: -1/21      AC:  8    Str:  8 (11) XL:     3   Next: 12%
Magic:  4/4        EV: 15    Int: 11 (13) God:
Gold:   44         SH:  0    Dex: 12 (14) Spells: 3/4 levels left

rFire   . . .        Y - +1 sling
rCold   . . .        (no shield)
rNeg    + . .        e - +0 ring mail
rPois   inf          (no helmet)
rElec   +            (no cloak)
rCorr   .            (no gloves)
SInv    .            (no boots)
Will    .....        (no amulet)
Stlth   +            j - +5 ring of evasion
HPRegen 0.23/turn    (no ring)
MPRegen 0.09/turn

%: no passive effects
@: no status effects
A: sickness immunity, AC +3, negative energy resistance 1, electricity
resistance, torment resistance 1, petrification resistance
a: no special abilities


You were on level 2 of the Dungeon.
You visited 1 branch of the dungeon, and saw 2 of its levels.

You collected 44 gold pieces.


Innate Abilities, Weirdness & Mutations

You are immune to sickness and miasma.
Your stone body is resilient. (AC +3)
You are immune to poison.
You resist negative energy. (rN+)
You are resistant to electric shocks. (rElec)
You are resistant to unholy torment.
You are immune to petrification.


   Skills:
 - Level 2.1 Fighting
 + Level 3.0 Ranged Weapons
 - Level 1.5 Dodging
 - Level 1.0 Spellcasting
 - Level 2.6 Hexes


You had 3 spell levels left.
You knew the following spells:

 Your Spells              Type           Power      Damage    Failure   Level
a - Slow                  Hex            24%        N/A       32%         1

Your spell library contained the following spells:

 Spells                   Type           Power      Damage    Failure   Level
 Inner Flame              Hex/Fire       3%         N/A       86%         3
 Portal Projectile        Hex/Tloc       6%         N/A       86%         3
 Cause Fear               Hex            3%         N/A       97%         4

Inventory:

Hand Weapons
 Y - a +1 sling (weapon)
Armour
 e - a +0 ring mail (worn)
Jewellery
 j - a +5 ring of evasion (left hand)
Potions
 f - a potion of lignification {unknown}
 i - a potion of might {unknown}
 k - a potion of mutation {unknown}

Dungeon Overview and Level Annotations

Branches:
Dungeon (2/15)

Altars:


Message History

You shoot a sling bullet.
The sling bullet hits the iguana but does no damage.
You shoot a sling bullet.
The sling bullet closely misses the iguana.
You shoot a sling bullet. The sling bullet hits the iguana.
The iguana is moderately wounded.
The iguana barely misses you.
You shoot a sling bullet.
The sling bullet barely misses the iguana.
The iguana closely misses you.
You shoot a sling bullet.
The sling bullet barely misses the iguana.
The iguana barely misses you. The iguana bites you.
You shoot a sling bullet.
The sling bullet hits the iguana but does no damage.
The iguana is moderately wounded.
The iguana closely misses you.
You shoot a sling bullet.
The sling bullet barely misses the iguana.
The iguana barely misses you.
You shoot a sling bullet.
The sling bullet barely misses the iguana.
The iguana misses you. The iguana bites you.
You shoot a sling bullet. The sling bullet hits the iguana.
The iguana is moderately wounded.
The iguana barely misses you.
You shoot a sling bullet. The sling bullet hits the iguana.
The iguana is severely wounded.
The iguana bites you! The iguana misses you.
You shoot a sling bullet. The sling bullet hits the iguana.
The iguana is severely wounded.
The iguana completely misses you.
You shoot a sling bullet.
The sling bullet hits the iguana but does no damage.
The iguana is severely wounded.
The iguana misses you. x2
You shoot a sling bullet.
The sling bullet closely misses the iguana.
The iguana bites you.
You die...

#.# #.# #.# #.# #.#
#.# # #.# #.#
#.###.#### #.#
#....l...# #.#
#.$..@...# #.#
#........######.##
#........<.......#####
##......(##.###.......
..........##.#
#..#####
###.......##.# #..#
####.#####.###..#####
#.# #......<..... #.
#.#####.#####


You could see an iguana.

Vanquished Creatures
  An adder (D:2)
  A bat (D:1)
  4 endoplasms (D:1)
  2 giant cockroaches (D:1)
  A quokka (D:1)
  2 frilled lizards (D:1)
  4 kobolds
  3 rats (D:1)
18 creatures vanquished.

Notes
Turn   | Place    | Note
-------+----------+-------------------------------------------
     0 | D:1      | qw the Gargoyle Hexslinger began the quest for the Orb.
     0 | D:1      | Reached XP level 1. HP: 12/12 MP: 2/2
     0 | D:1      | 0 ||| qw: Version: 0.3-a-46-gb1f654a
     0 | D:1      | 0 ||| qw: Game counter: 1434
     0 | D:1      | 0 ||| qw: Melee chars always use a shield: true
     0 | D:1      | 0 ||| qw: God list: Okawaru
     0 | D:1      | 0 ||| qw: Allow faded altars: false
     0 | D:1      | 0 ||| qw: Do Orc after clearing Dungeon:15 true
     0 | D:1      | 0 ||| qw: Do second Lair branch before Depths: true
     0 | D:1      | 0 ||| qw: Lair rune preference: random
     0 | D:1      | 0 ||| qw: Goals: Normal
     0 | D:1      | 0 ||| PLANNING D:1-11
    25 | D:1      | HP: 2/12 [rat (3)]
   318 | D:1      | Reached XP level 2. HP: 13/16 MP: 3/3
   527 | D:1      | Reached skill level 3 in Ranged Weapons
   922 | D:1      | 922 ||| UPGRADING to +0 ring mail.
   932 | D:1      | 932 ||| DROPPING +0 robe.
   933 | D:1      | 933 ||| UPGRADING to +5 ring of evasion.
   934 | D:1      | 934 ||| READING 2 scrolls labelled BAWNAKHLIST.
   935 | D:1      | 935 ||| READING scroll labelled UROSASTRACH.
   936 | D:1      | 936 ||| READING scroll labelled LOKHLUE MIZIE.
   937 | D:1      | 937 ||| DRINKING 2 yellow potions.
   938 | D:1      | 938 ||| DROPPING scroll of fog.
   939 | D:1      | 939 ||| DROPPING scroll of poison.
   940 | D:1      | 940 ||| DROPPING potion of degeneration.
  1004 | D:2      | Reached XP level 3. HP: 18/21 MP: 4/4
  1040 | D:2      | HP: 4/21 [iguana (8)]
  1043 | D:2      | Slain by an iguana

Levels and vault maps discovered:
D:1:      minmay_arrival_glassed_features, layout_basic, roderic_serpentine_path
D:2:      layout_loops_ring, minmay_domino_4, uniq_sigmund

Skill      XL: |  1  2 |
---------------+-------+-----
Ranged Weapons | 3 |  3.0
Fighting       | 2 |  2.1
Dodging        | |  1.5
Spellcasting   | |  1.0
Hexes          | |  2.6

Action                     || total
---------------------------++-------
   Fire: Sling             ||   105
    Use: Scroll            ||     3
         Potion            ||     1
 Armour: Robe              ||    13
         Ring mail         ||     8
  Dodge: Dodged            ||    57

Table legend:
 A = Non-vault XP
 B = Vault XP
 C = Vault XP percentage of total XP
 D = Non-vault monster count
 E = Vault monster count
 F = Vault count percentage of total count
                 A         B        C        D         E       F
            +---------+---------+-------+---------+---------+-------
      Total |      40 |       0 |   0.0 |      18 |       0 |   0.0
            +---------+---------+-------+---------+---------+-------
        D:1 |      25 |       0 |   0.0 |      16 |       0 |   0.0
        D:2 |      15 |       0 |   0.0 |       2 |       0 |   0.0
            +---------+---------+-------+---------+---------+-------
